 Dungeon Crawl Stone Soup version 0.19.1 (webtiles) character file.

4780 AAAAA the Basher (level 10, -14/46 HPs)
             Began as a Vine Stalker Gladiator on Dec 1, 2016.
             Was a Believer of Okawaru.
             Killed from afar by a deep elf mage (20 damage)
             ... with a bolt of lightning
             ... in a bailey.
             The game lasted 00:16:18 (7414 turns).

AAAAA the Basher (Vine Stalker Gladiator)           Turns: 7414, Time: 00:16:20

Health: -14/46     AC: 11    Str: 17    XL:     10   Next: 47%
Magic:  0/11       EV: 12    Int:  8    God:    Okawaru [**....]
Gold:   481        SH:  6    Dex: 21    Spells: 0 memorised, 9 levels left

rFire  + . .     SeeInvis .     C - +6 mace of the Heavens {freeze, Dex+2 Stlth+}
rCold  . . .     Gourm    .     P - +1 ring mail {rF+}
rNeg   . . .     Faith    .     A - +0 buckler
rPois  .         Spirit   +     c - +1 helmet
rElec  .         Reflect  .     y - +0 cloak
rCorr  .         Harm     .     S - +0 pair of gloves
MR     +....                    I - +0 pair of boots
Stlth  ++........               (no amulet)
                                (no ring)
                                (no ring)

@: no status effects
A: fangs 3, regeneration 1, magic shield, antimagic bite, no device heal 3, rot
immunity
a: Heroism, Renounce Religion


You were in a bailey.
You worshipped Okawaru.
Okawaru was pleased with you.
You were not hungry.

You visited 2 branches of the dungeon, and saw 10 of its levels.
You also visited: Ossuary and Bailey.

You collected 481 gold pieces.

Inventory:

Hand Weapons
 a - a +0 flail
 n - a +0 dagger of venom
 q - a +2 rapier of venom
 C - the +6 mace of the Heavens (weapon) {freeze, Dex+2 Stlth+}
   (You found it on level 5 of the Dungeon)

   It has been specially enchanted to freeze those struck by it, causing extra
   injury to most foes and up to half again as much damage against particularly
   susceptible opponents.
   It can also slow down cold-blooded creatures.
   It affects your dexterity (+2).
   It makes you more stealthy.
 R - a +1 flail of holy wrath
Missiles
 d - 4 throwing nets (quivered)
 t - 18 poisoned needles
 z - 2 javelins
Armour
 b - a +0 leather armour
 c - a +1 helmet (worn)
 y - a +0 cloak (worn)
 A - a +0 buckler (worn)
 I - a +0 pair of boots (worn)
 J - a +0 chain mail
 P - a +1 ring mail of fire resistance (worn)
 S - a +0 pair of gloves (worn)
Jewellery
 W - a +4 ring of strength {unknown}
Wands
 k - a wand of acid (9/15)
 O - a wand of digging (18/24)
 Q - a wand of flame (21/48)
 U - a wand of polymorph (15/24)
Scrolls
 i - 5 scrolls of enchant weapon
 l - 7 scrolls of remove curse
 m - 3 scrolls of recharging
 v - 4 scrolls of teleportation
 B - a scroll of amnesia
 N - a scroll of blinking
Potions
 e - 4 potions of degeneration
 h - 4 potions of agility
 j - a potion of haste
 o - a potion of brilliance {unknown}
 p - 3 potions of cancellation
 r - 3 potions of might
 u - 4 potions of curing
 D - 2 potions of ambrosia {unknown}
 E - 4 potions of lignification {unknown}
 F - a potion of mutation {unknown}
 H - 2 potions of magic {unknown}
 L - 2 potions of resistance {unknown}
Books
 M - a book of Cantrips

   Spells                             Type                      Level
   a - Confusing Touch                Hexes                        1
   b - Animate Skeleton               Necromancy                   1
   c - Summon Small Mammal            Summoning                    1
   d - Apportation                    Translocation                1
 T - a book of Debilitation

   Spells                             Type                      Level
   a - Corona                         Hexes                        1
   b - Slow                           Hexes                        2
   c - Gell's Gravitas                Hexes/Translocation          3
   d - Inner Flame                    Hexes/Fire                   3
   e - Cause Fear                     Hexes                        4
   f - Leda's Liquefaction            Hexes/Earth                  4
Comestibles
 f - 10 bread rations
 g - 14 fruits
 s - 7 meat rations
 w - 9 chunks of flesh
 x - 4 beef jerkies
 G - 8 slices of pizza
 K - 2 royal jellies


   Skills:
 - Level 1.7 Fighting
 + Level 12.9 Maces & Flails
 - Level 1.7 Throwing
 - Level 2.4 Dodging
 - Level 4.5 Shields


You had 9 spell levels left.
You didn't know any spells.

Dungeon Overview and Level Annotations

Branches:
Dungeon (9/15)             Temple (1/1) D:5
   Lair: D:8-11         Orc: D:9-12

Altars:
Ashenzari
Cheibriados
Dithmenos
Elyvilon
Fedhas
Gozag
Hepliaklqana
Kikubaaqudgha
Makhleb
Nemelex Xobeh
Okawaru
Qazlal
Ru
Sif Muna
Trog
Uskayaw
Vehumet
Xom
Yredelemnul
Zin
The Shining One


Innate Abilities, Weirdness & Mutations

You have razor-sharp teeth.
Your natural rate of healing is unusually fast.
When hurt, damage is shared between your health and your magic reserves.
Your bite disrupts and absorbs the magic of your enemies.
Potions and wands cannot restore your health.
You are immune to rotting.


Message History

The deep elf mage is heavily wounded.
Some of the chunks of flesh in your inventory have rotted away.
You miss the deep elf mage. Your bite misses the deep elf mage.
The deep elf mage is heavily wounded.
The deep elf mage hits you but does no damage.
You closely miss the deep elf mage. You bite the deep elf mage.
The deep elf mage's magic leaks into the air.
You drain its magic.
The deep elf mage is severely wounded.
The deep elf mage points at you and mumbles some strange words.
The bolt of lightning hits you!
Ouch! That really hurt!
* * * LOW HITPOINT WARNING * * *
You sock the deep elf mage! You freeze the deep elf mage.
You kill the deep elf mage!
Okawaru is honoured by your kill.
The deep elf mage casts a spell.
The deep elf mage points at you and mumbles some strange words.
The bolt of lightning hits you!
You die...

##..##..∩..#
#....#.....#
#....##...##
.e
#.)##'######.
###...###...##
#.....#.....#
#..∩..#.....#
#.....#.....#
##...@#....#
#####)#
#...e#e...#
#..... .....#
#..... ..e.Y#
#..... .....#
##...# #...##
.### ###. ..
..


You could see 2 deep elf magi and an ice beast.

Vanquished Creatures
  2 deep elf magi (Bailey)
  The ghost of baghtru the Chopper, a novice HOFi (D:5)
  A hippogriff (D:8)
  A hungry ghost (D:8)
  Edmund (D:6)
  2 orc warriors (D:8)
  A sky beast (D:8)
  A black bear (D:7)
  2 phantoms
  7 ogres
  2 centaurs
  3 bullfrogs
  A wyvern zombie (D:8)
  2 water moccasin zombies (Ossuary)
  A scorpion (D:6)
  4 killer bees (D:8)
  4 wights (D:9)
  An electric eel (D:8)
  3 crimson imps
  2 hounds
  2 jellies
  4 orc wizards
  3 orc priests
  A bullfrog skeleton (D:9)
  2 worker ants
  3 iguanas
  A killer bee zombie (D:8)
  4 big kobold zombies (Ossuary)
  2 mummies (Ossuary)
  A howler monkey zombie (D:7)
  A worker ant zombie (D:8)
  6 adders
  6 gnolls (D:5)
  4 river rats (D:9)
  6 adder zombies
  2 adder skeletons
  3 worms
  2 dart slugs (D:1)
  5 leopard geckos
  34 orcs
  2 ball pythons
  7 giant cockroaches
  A gnoll zombie (Ossuary)
  22 goblins
  13 hobgoblins
  15 jackals
  17 kobolds
  6 quokkas
  16 bats
  5 frilled lizards
  11 hobgoblin zombies (Ossuary)
  2 kobold zombies (Ossuary)
  A leopard gecko skeleton (D:4)
  4 orc zombies (Ossuary)
  16 rats
272 creatures vanquished.

Notes
Turn   | Place    | Note
-------+----------+-------------------------------------------
     0 | D:1      | AAAAA the Vine Stalker Gladiator began the quest for the Orb.
     0 | D:1      | Reached XP level 1. HP: 11/11 MP: 2/2
   293 | D:1      | Reached skill level 3 in Maces & Flails
   368 | D:1      | Reached XP level 2. HP: 9/15 MP: 3/3
   778 | D:2      | Reached XP level 3. HP: 16/18 MP: 4/4
   922 | D:2      | Reached skill level 4 in Maces & Flails
  1216 | D:2      | Gained mutation: Your natural rate of healing is unusually fast. [Vine Stalker growth]
  1216 | D:2      | Reached XP level 4. HP: 22/23 MP: 5/5
  1946 | D:3      | Found a white marble altar of Elyvilon.
  2276 | D:3      | Reached skill level 5 in Maces & Flails
  2319 | D:3      | Reached XP level 5. HP: 24/26 MP: 3/6
  2345 | D:4      | Noticed an ogre
  2365 | D:3      | Killed an ogre
  2378 | D:4      | Noticed an ogre
  2475 | D:4      | Killed an ogre
  2475 | D:4      | Reached skill level 6 in Maces & Flails
  2475 | D:4      | Reached XP level 6. HP: 30/30 MP: 5/7
  2743 | D:4      | Reached skill level 1 in Shields
  3156 | D:4      | Reached XP level 7. HP: 22/34 MP: 5/8
  3191 | D:5      | Entered Level 5 of the Dungeon
  3203 | D:5      | Noticed baghtru's ghost (novice HOFi)
  3302 | D:5      | Found a staircase to the Ecumenical Temple.
  3345 | Temple   | Entered the Ecumenical Temple
  4141 | D:5      | Got a bone mace
  4142 | D:5      | Identified the +6 mace of the Heavens {freeze, Dex+2 Stlth+} (You found it on level 5 of the Dungeon)
  4513 | D:5      | Killed baghtru's ghost
  4513 | D:5      | Reached skill level 7 in Maces & Flails
  4513 | D:5      | Gained mutation: You have razor-sharp teeth. [Vine Stalker growth]
  4513 | D:5      | Reached XP level 8. HP: 37/38 MP: 7/9
  4823 | D:5      | Reached skill level 8 in Maces & Flails
  4905 | D:6      | Found a sand-covered staircase.
  4955 | Ossuary  | Entered an ossuary
  5043 | Ossuary  | Reached skill level 9 in Maces & Flails
  5321 | D:6      | Reached XP level 9. HP: 29/42 MP: 10/10
  5338 | D:6      | Noticed Edmund
  5356 | D:6      | Killed Edmund
  5451 | D:6      | Reached skill level 10 in Maces & Flails
  6014 | D:7      | Found an iron altar of Okawaru.
  6048 | D:7      | Became a worshipper of Warmaster Okawaru
  6222 | D:8      | Found a faded altar of an unknown god.
  6222 | D:8      | Found a faded altar of an unknown god.
  6227 | D:8      | Found a shimmering altar of Xom.
  6231 | D:8      | Found a faded altar of an unknown god.
  6233 | D:8      | Found a faded altar of an unknown god.
  6287 | D:8      | Reached skill level 11 in Maces & Flails
  6290 | D:8      | Found a sparkling altar of Nemelex Xobeh.
  6323 | D:8      | Reached * piety under Okawaru
  6388 | D:8      | Found an ancient bone altar of Kikubaaqudgha.
  6567 | D:8      | Reached XP level 10. HP: 45/46 MP: 9/11
  6631 | D:8      | Found a stormy altar of Qazlal.
  6634 | D:8      | Found a snail-covered altar of Cheibriados.
  6637 | D:8      | Found a bloodstained altar of Trog.
  6944 | D:8      | Reached skill level 12 in Maces & Flails
  7344 | D:9      | Reached ** piety under Okawaru
  7356 | D:9      | Found a flagged portal.
  7380 | Bailey   | Entered a bailey
  7388 | Bailey   | Noticed a deep elf mage
  7397 | Bailey   | Killed a deep elf mage
  7406 | Bailey   | Noticed a deep elf mage
  7407 | Bailey   | Noticed a deep elf mage
  7407 | Bailey   | Noticed a deep elf mage
  7408 | Bailey   | Noticed a deep elf mage
  7410 | Bailey   | Noticed a deep elf mage
  7414 | Bailey   | Killed a deep elf mage
  7414 | Bailey   | Killed from afar by a deep elf mage

Skill      XL: |  1  2  3  4  5  6  7  8  9 10 |
---------------+-------------------------------+-----
Maces & Flails | 3 4 5 6 7 9 11 12 | 12.9
Shields        | 3 4 |  4.5
Fighting       | |  1.7
Throwing       | |  1.7
Dodging        | |  2.4

Action                   |  1- 3 |  4- 6 |  7- 9 | 10-12 || total
-------------------------+-------+-------+-------+-------++-------
Melee: Flail             |    80 |   151 |    43 |       ||   274
       Bite              |    24 |    43 |   138 |    40 ||   245
       Mace              |       |       |   334 |   111 ||   445
  Use: Scroll            |       |       |    18 |       ||    18
 Stab: Sleeping          |       |       |    10 |     1 ||    11
  Eat: Chunk             |     1 |     6 |    13 |     3 ||    23
       Beef jerky        |       |       |     1 |       ||     1
Armor: Leather armour    |    18 |    33 |    17 |       ||    68
       Chain mail        |       |       |    50 |       ||    50
       Ring mail         |       |       |    19 |    33 ||    52
Dodge: Dodged            |    48 |   109 |   135 |    59 ||   351
Block: Buckler           |       |       |    74 |    22 ||    96
